 Dungeon Crawl Stone Soup version 0.28.0-43-g3370ac3207 (webtiles) character file.

Game seed: 18113141728711991085

347 Circulus the Skirmisher (level 6, -4/57 HPs)
             Began as a Minotaur Fighter on Mar 14, 2022.
             Was a Follower of Wu Jian.
             Slain by a gnoll
             ... wielding a +0 halberd
              (9 damage)
             ... on level 4 of the Dungeon on Mar 15, 2022.
             The game lasted 00:33:38 (3627 turns).

Circulus the Skirmisher (Minotaur Fighter)          Turns: 3627, Time: 00:33:38

Health: -4/57      AC:  9    Str: 22    XL:     6   Next: 33%
Magic:  5/5        EV:  8    Int:  5    God:    Wu Jian [*.....]
Gold:   152        SH:  0    Dex: 10    Spells: 5/5 levels left

rFire   . . .      SeeInvis .   a - +0 long sword
rCold   . . .      Faith    .   G - orb {light}
rNeg    . . .      Spirit   .   C - +0 chain mail
rPois   .          Reflect  .   (helmet restricted)
rElec   .          Harm     .   (no cloak)
rCorr   .          Rampage  .   (no gloves)
Will    .....                   (no boots)
Stlth   ..........              (no amulet)
HPRegen 0.19/turn               (no ring)
MPRegen 0.09/turn               (no ring)

@: lethally poisoned (-4 -> -26), glowing
A: horns 2, retaliatory headbutt
a: Renounce Religion


You were on level 4 of the Dungeon.
You worshipped Wu Jian.
Wu Jian was aware of your devotion.
You visited 1 branch of the dungeon, and saw 4 of its levels.
You also visited: Sewer.

You collected 152 gold pieces.

Inventory:

Hand Weapons
 a - a +0 long sword (weapon)
 h - a +0 hand axe
 k - a +0 mace
 p - a +0 dagger
 q - a +0 short sword
 u - a +0 dagger
 v - a +0 vampiric short sword
 w - a +0 whip
 x - a +0 flail
 A - a +0 hand axe
 H - a +0 dagger
 I - a +0 hand axe
 O - a +0 club
 Q - a +0 quarterstaff
 R - a +0 flail
Missiles
 g - 30 sling bullets
 i - 152 stones (quivered)
 n - 14 bolts
 z - 25 arrows
 P - a throwing net
Armour
 b - a +0 scale mail
 c - a +0 buckler
 t - a +0 robe
 C - a +0 chain mail (worn)
 G - an orb of light (worn)
 J - a +3 leather armour
 K - a +0 leather armour
 L - a +0 scale mail
Wands
 o - a wand of iceblast (7)
Scrolls
 e - a scroll of summoning {unknown}
 m - a scroll of amnesia {unknown}
 s - 2 scrolls of vulnerability {unknown}
 y - a scroll of brand weapon {unknown}
 D - 2 scrolls of identify {unknown}
 F - 3 scrolls of teleportation {unknown}
 M - a scroll of enchant armour {unknown}
Potions
 d - a potion of might
 f - 4 potions of mutation {unknown}
 j - 2 potions of haste {unknown}
 l - a potion of lignification {unknown}
 r - 3 potions of curing {unknown}
 B - a potion of degeneration {unknown}
 E - a potion of attraction {unknown}
 N - a potion of flight {unknown}


   Skills:
 * Level 6.2 Fighting
 - Level 0.9(2.4) Short Blades
 + Level 4.0(4.1) Long Blades
 - Level 5.0 Armour
 - Level 5.0 Shields


You had 5 spell levels left.
You didn't know any spells.
Your spell library contained the following spells:

 Spells                   Type           Power      Damage    Failure   Level
 Shock                    Conj/Air       0%         1d3       99%         1
 Swiftness                Air            0%         N/A       100%        3
 Airstrike                Air            0%         N/A       100%        4


Dungeon Overview and Level Annotations

Branches:
Dungeon (4/15)              Sewer (visited)
 Temple: D:4-7

Altars:
Trog
Wu Jian

Shops:
D:4 :

Annotations:
D:3 exclusion: 2 downstairs


Innate Abilities, Weirdness & Mutations

You have a pair of horns on your head.
You reflexively headbutt those who attack you in melee.


Message History

You hit the gnoll but do no damage.
You headbutt the gnoll, but do no damage.
The gnoll is heavily wounded.
The gnoll barely misses you. The gnoll closely misses you.
You furiously retaliate!
You headbutt the gnoll. You hit the gnoll.
You kill the gnoll!
The Council accepts your kill.
The gnoll hits you from afar with a +0 halberd.
The gnoll hits you from afar with a +1 spear of venom.
* * * LOW HITPOINT WARNING * * *
The gnoll hits you but does no damage.
Your Long Blades skill increases to level 4!
The gnoll barely misses you.
You lunge at the gnoll.
You barely miss the gnoll. You headbutt the gnoll!
The gnoll is almost dead.
The gnoll barely misses you. x2
You hit the gnoll.
The gnoll is almost dead.
The gnoll hits you with a +1 spear of venom.
* * * LOW HITPOINT WARNING * * *
The gnoll closely misses you.
You barely miss the gnoll.
The gnoll is almost dead.
The gnoll hits you but does no damage. The gnoll hits you with a +0 halberd!
* * * LOW HITPOINT WARNING * * *
You barely miss the gnoll.
The gnoll is almost dead.
The gnoll hits you with a +1 spear of venom.
* * * LOW HITPOINT WARNING * * *
You are poisoned.
The gnoll hits you with a +0 halberd.
* * * LOW HITPOINT WARNING * * *
* * * LOW HITPOINT WARNING * * *
You feel very sick.
The gnoll hits you from afar with a +1 spear of venom.
* * * LOW HITPOINT WARNING * * *
You are more poisoned.
The gnoll hits you from afar with a +0 halberd!
You die...

# # ############### #
#.............#######
#.#####.##.##........
#.##.................
######.##....P..#####..###
#......##@#######..['..#..
#......##.# #...#..#..
#..###..gg# #####..##)
#....##+##+#.........
#..#.........⌠.......
#..................†#)###.
#.......##..####..##'#...##
##.####.##..# +..#..#...#.
# #.#..P# #..#..#.[.#.


You could see 2 gnolls.

Vanquished Creatures
  A kobold brigand (Sewer)
  An orc priest (D:4)
  An iguana (D:4)
  A hound skeleton (D:4)
  6 gnolls
  4 adders
  An adder skeleton (D:4)
  4 dart slugs
  4 orcs (D:4)
  6 endoplasms
  2 giant cockroaches (D:1)
  6 goblins
  8 hobgoblins
  19 jackals
  12 kobolds
  4 quokkas
  6 ball pythons
  4 bats
  3 frilled lizards
  7 rats
100 creatures vanquished.

Vanquished Creatures (others)
  A plant (Sewer)
1 creature vanquished.

Grand Total: 101 creatures vanquished

Notes
Turn   | Place    | Note
-------+----------+-------------------------------------------
     0 | D:1      | Circulus the Minotaur Fighter began the quest for the Orb.
     0 | D:1      | Reached XP level 1. HP: 19/19 MP: 0/0
   386 | D:1      | Reached XP level 2. HP: 27/27 MP: 1/1
   398 | D:1      | Reached skill level 4 in Fighting
   582 | D:1      | Found a faded altar of an unknown god.
  1281 | D:2      | Reached XP level 3. HP: 34/34 MP: 2/2
  1956 | D:3      | Reached XP level 4. HP: 41/41 MP: 3/3
  2009 | D:3      | Reached skill level 5 in Fighting
  2203 | D:3      | Reached XP level 5. HP: 48/48 MP: 4/4
  2248 | D:3      | Found an ornate altar of the Wu Jian Council.
  2254 | D:3      | Became a worshipper of the Wu Jian Council
  2287 | D:3      | Found a bloodstained altar of Trog.
  2413 | D:3      | Found a glowing drain.
  2427 | Sewer    | Entered a sewer
  3060 | D:4      | Noticed a necrophage
  3144 | D:4      | Found Canicoda's Self-Improvement Boutique.
  3369 | D:4      | Reached XP level 6. HP: 50/57 MP: 5/5
  3459 | D:4      | Reached * piety under Wu Jian
  3480 | D:4      | Reached skill level 6 in Fighting
  3542 | D:4      | Reached skill level 5 in Shields
  3560 | D:4      | Reached skill level 5 in Armour
  3627 | D:4      | Slain by a gnoll

Illustrated notes

Levels and vault maps discovered:
D:1:      dpeg_arrival_snail, layout_basic, ebering_ecumenical_altar_webs
D:2:      layout_basic, minmay_unequal
D:3:      layout_rooms, nicolae_overflow_crystal_walls,
          nzn_wu_jian_council_hall, portal_sewer_entry_b
D:4:      corexii_shack_village, layout_loops_ring, kennysheep_mini_moat,
          kennysheep_cluttered_room, nicolae_shop_self_help

Skill      XL: |  1  2  3  4  5  6 |
---------------+-------------------+-----
Fighting       | 4 5 6 |  6.2
Long Blades    | 3 4 |  4.0
Armour         | 4 5 |  5.0
Shields        | 4 5 |  5.0
Short Blades   | |  0.9

Action                   |  1- 3 |  4- 6 || total
-------------------------+-------+-------++-------
Melee: Long sword        |   105 |   104 ||   209
       Headbutt          |     7 |    33 ||    40
       Short sword       |       |    47 ||    47
Throw: Stone             |       |     1 ||     1
Invok: Lunge             |       |     7 ||     7
Armor: Scale mail        |    60 |    20 ||    80
       Chain mail        |       |    22 ||    22
Dodge: Dodged            |    47 |    51 ||    98
Block: Buckler           |    20 |    16 ||    36
